 Dungeon Crawl Stone Soup version 0.30.1-11-g7821555f0a (webtiles) character file.

Game seed: 9144124531308218922

508 lonewolfV2 the Covered (level 7, -3/59 HPs)
             Began as a Formicid Fighter on Nov 28, 2023.
             Slain by an ogre
             ... wielding a +0 giant club
              (22 damage)
             ... on level 5 of the Dungeon.
             The game lasted 00:08:25 (4722 turns).

lonewolfV2 the Covered (Formicid Fighter)           Turns: 4722, Time: 00:08:25

Health: -3/59      AC:  7    Str: 21    XL:     7   Next: 42%
Magic:  7/7        EV:  9    Int:  7    God:
Gold:   150        SH:  5    Dex: 15    Spells: 6/6 levels left

rFire   . . .        a - +0 war axe
rCold   + . .        c - +0 buckler
rNeg    . . .        b - +0 scale mail
rPois   .            (helmet unavailable)
rElec   .            (no cloak)
rCorr   .            (no gloves)
SInv    +            (no boots)
Will    .....        (no amulet) Stlth
                     f - ring of protection from cold
HPRegen 0.29/turn    (no ring)
MPRegen 0.10/turn

%: no passive effects
@: no status effects
A: permanent stasis, dig shafts and tunnels, antennae 3, four strong arms
a: Dig, Shaft Self


You were on level 5 of the Dungeon.
You visited 1 branch of the dungeon, and saw 5 of its levels.

You collected 150 gold pieces.

Inventory:

Hand Weapons
 a - a +0 war axe (weapon)
Missiles
 d - a throwing net
Armour
 b - a +0 scale mail (worn)
 c - a +0 buckler (worn)
Jewellery
 f - a ring of protection from cold (left hand)
 i - a ring of resist corrosion
Wands
 m - a wand of polymorph (21)
Scrolls
 j - a scroll of identify
 l - 2 scrolls of teleportation
 n - a scroll of fog
Potions
 e - a potion of lignification
 g - 2 potions of haste
 h - a potion of ambrosia
 k - a potion of attraction
 o - a potion of curing


   Skills:
 - Level 6.3 Fighting
 * Level 2.7 Axes
 - Level 6.3 Armour
 + Level 4.3 Shields


You had 6 spell levels left.
You didn't know any spells.
Your spell library contained the following spells:

 Spells                   Type           Power      Damage    Failure   Level
 Ensorcelled Hibernation  Hex/Ice        0%         N/A       91%         2
 Spider Form              Tmut/Pois      0%         N/A       99%         3
 Anguish                  Hex/Necr       0%         N/A       100%        4


Dungeon Overview and Level Annotations

Branches:
Dungeon (5/15)
 Temple: D:4-7

Altars:

Shops:
D:1 [


Innate Abilities, Weirdness & Mutations

You cannot be hasted, slowed, berserked, paralysed or teleported.
You can dig through walls and to a lower floor.
You have a pair of large antennae on your head. (SInv)
Your four strong arms can wield two-handed weapons with a shield.


Message History

You barely miss the orc wizard.
The orc wizard is severely wounded.
The orc wizard hits you with a +0 dagger.
You closely miss the orc wizard.
The orc wizard is severely wounded.
The orc wizard hits you with a +0 dagger.
The orc wizard gestures wildly while chanting.
The orc wizard flickers and vanishes for a moment.
You slash the orc wizard!
You kill the orc wizard!
Things that are here:
a +0 dagger; a +0 robe; an orc corpse Key pressed, stopping explore.
Things that are here:
a +0 dagger; a +0 robe You start resting.
HP restored.
You start waiting.
You start waiting.
Done waiting.
You start waiting.
There is a stone staircase leading down here.
You climb downwards.
The orc hits you but does no damage. The jelly hits you but does no damage.
There is a stone staircase leading up here.
You closely miss the ogre. You slash the orc!
You kill the orc!
You hit the jelly.
Your hands burn!
The orc wizard casts a spell.
The orc wizard flickers and vanishes for a moment.
The jelly hits you but does no damage. The ogre hits you with a +0 giant club!
The jelly hits you but does no damage.
You slash the ogre!
The ogre is moderately wounded.
You barely miss the jelly.
The ogre hits you with a +0 giant club!!
You block the jelly's attack. You block the jelly's attack.
The ogre hits you with a +0 giant club!!
You die...

#.. ... ... ....
##.. #..## ...
....# .. ......
#. #......
#.##.......
#.O@.......
.......)J.......
................
................
............o.##
####..........#
.............
.#.###.##...##


You could see an ogre, a jelly and an orc wizard (invisible).

Vanquished Creatures
  Duvessa (D:4)
  Dowan (D:4)
  A gnoll bouda (D:4)
  Natasha (D:4)
  Terence (D:2)
  2 iguanas (D:4)
  2 orc wizards (D:4)
  Robin (D:4)
  4 gnolls (D:4)
  3 adders
  4 worms
  2 dart slugs
  4 orcs
  5 bats
  7 endoplasms
  2 giant cockroaches
  17 goblins
  8 hobgoblins
  4 jackals (D:2)
  7 quokkas
  5 ball pythons
  3 frilled lizards
  6 kobolds
  7 rats
98 creatures vanquished.

Notes
Turn   | Place    | Note
-------+----------+-------------------------------------------
     0 | D:1      | lonewolfV2 the Formicid Fighter began the quest for the
                  | Orb.
     0 | D:1      | Reached XP level 1. HP: 18/18 MP: 1/1
    15 | D:1      | Found Qeic's Armour Shop.
    68 | D:1      | Reached XP level 2. HP: 21/24 MP: 2/2
   293 | D:1      | Reached XP level 3. HP: 30/30 MP: 3/3
   929 | D:2      | Reached XP level 4. HP: 29/37 MP: 4/4
   973 | D:2      | Noticed Terence
   985 | D:2      | Killed Terence
  1475 | D:2      | Reached XP level 5. HP: 43/43 MP: 5/5
  2376 | D:4      | Noticed Robin
  2397 | D:4      | Reached skill level 5 in Fighting
  2406 | D:4      | Reached skill level 5 in Armour
  2412 | D:4      | Killed Robin
  2836 | D:4      | Reached XP level 6. HP: 30/51 MP: 6/6
  3050 | D:4      | Found Kocatody's Antique Weapon Shoppe.
  3254 | D:4      | Noticed Dowan
  3255 | D:4      | Noticed Duvessa
  3272 | D:4      | Killed Duvessa
  3280 | D:4      | Killed Dowan
  3281 | D:4      | Reached XP level 7. HP: 27/58 MP: 7/7
  3857 | D:4      | HP: 2/59 [poisoned by a goblin]
  4114 | D:4      | Noticed Natasha
  4120 | D:4      | Killed Natasha
  4427 | D:5      | Entered Level 5 of the Dungeon
  4722 | D:5      | Slain by an ogre

Illustrated notes

Levels and vault maps discovered:
D:1:      dpeg_arrival_arbitrary_c, layout_basic, serial_shops,
          nicolae_shop_peninsula, minmay_splitting_lines, bh_walls_and_bars
D:2:      layout_basic, chequers_serial_rivers_large_b, minmay_misc_feat_rows,
          uniq_terence
D:3:      layout_basic, nrook_mini_vaults, chequers_serial_rivers_room_a,
          kennysheep_big_empty_room
D:4:      layout_cave_pods, serial_shops, nicolae_diamond_shop, uniq_robin,
          uniq_natasha, uniq_duvessa
D:5:      layout_cave_pools

Skill      XL: |  1  2  3  4  5  6 |
---------------+-------------------+-----
Fighting       | 4 5 6 |  6.3
Armour         | 4 5 6 |  6.3
Axes           | |  2.7
Shields        | |  4.3

Action                     |  1- 3 |  4- 6 |  7- 9 || total
---------------------------+-------+-------+-------++-------
  Melee: War axe           |    83 |   159 |    28 ||   270
Ability: Dig               |     1 |       |       ||     1
    Use: Scroll            |     2 |     6 |     2 ||    10
         Potion            |       |     6 |       ||     6
 Armour: Scale mail        |    48 |    93 |    20 ||   161
  Dodge: Dodged            |    43 |    99 |    13 ||   155
  Block: Buckler           |    26 |    64 |    11 ||   101
